 Dungeon Crawl Stone Soup version 0.26-a0-154-g3d63440f56 (webtiles) character file.

Game seed: 10168652560352692817

186433 Flugslaktarn the Martial Artist (level 17, -13/91 HPs)
             Began as a Vine Stalker Venom Mage on July 1, 2020.
             Was the Champion of Cheibriados.
             Mangled by a great orb of eyes (15 damage)
             ... while paralysed by a great orb of eyes
             ... on level 5 of the Pits of Slime.
             The game lasted 01:34:34 (9222 turns).

Flugslaktarn the Martial Artist (VSVM)              Turns: 9222, Time: 01:34:35

Health: -13/91     AC:  9    Str: 26    XL:     17   Next: 71%
Magic:  0/40       EV:  2    Int: 35    God:    Cheibriados [******]
Gold:   1138       SH:  0    Dex: 32    Spells: 4/34 levels left

rFire    + . .     SeeInvis +     - Unarmed
rCold    + . .     Faith    .   h - +4 kite shield of the Circus Animal {rN+ SInv}
rNeg     + . .     Spirit   +   R - +0 troll leather armour
rPois    .         Reflect  +   o - +2 helmet {SInv}
rElec    .         Harm     .   S - scarf {rC+ rF+}
rCorr    .                      y - +0 pair of gloves
MR       ++...                  O - +0 pair of boots
Stlth    +++.......             t - amulet of reflection
HPRegen  1.45/turn              Z - ring of magical power
MPRegen  0.27/turn              Y - ring of wizardry

@: paralysed, very slow
A: fangs 3, regeneration 2, magic shield, antimagic bite, no potion heal 3, rot
immunity
}: 2/15 runes: serpentine, barnacled
a: Bend Time, Temporal Distortion, Slouch, Step From Time, Renounce Religion


You were on level 5 of the Pits of Slime.
You worshipped Cheibriados.
Cheibriados was exalted by your worship.
You were not hungry.

You visited 7 branches of the dungeon, and saw 32 of its levels.
You also visited: Gauntlet.

You collected 1880 gold pieces.
You spent 742 gold pieces at shops.

Inventory:

Missiles
 i - 214 arrows
 x - 7 throwing nets
 G - 47 boomerangs (quivered)
 J - 33 silver javelins
Armour
 h - the +4 kite shield of the Circus Animal (worn) {rN+ SInv}
   (You found it in a Gauntlet)

   It protects you from negative energy.
   It lets you see invisible.
 o - a +2 helmet of see invisible (worn)
   (You found it in a Gauntlet)
 y - a +0 pair of gloves (worn)
   (You found it on level 2 of the Lair of Beasts)
 O - a +0 pair of boots (worn)
   (You found it on level 4 of the Shoals)
 R - a +0 troll leather armour (worn)
   (You found it on level 1 of the Orcish Mines)
 S - a scarf of resistance (worn)
   (You bought it in a shop on level 2 of the Orcish Mines)
Jewellery
 l - an uncursed ring of protection from cold
   (You found it in a Gauntlet)
 m - an uncursed ring of fire
   (You found it on level 1 of the Dungeon)
 r - an uncursed amulet of regeneration
   (You found it on level 6 of the Lair of Beasts)
 t - an amulet of reflection (around neck)
   (You found it on level 2 of the Dungeon)
 E - an uncursed ring of protection from fire
   (You found it on level 2 of the Shoals)
 U - an uncursed ring of teleportation
   (You found it on level 2 of the Orcish Mines)
 Y - a ring of wizardry (right hand)
   (You found it on level 1 of the Lair of Beasts)
 Z - a ring of magical power (left hand)
   (You found it on level 2 of the Lair of Beasts)
Wands
 b - a wand of polymorph (27)
   (You found it on level 6 of the Dungeon)
 p - a wand of clouds (2)
   (You found it in a Gauntlet)
 u - a wand of digging (4)
   (You took it off Ijyb on level 3 of the Dungeon)
 C - a wand of enslavement (8)
   (You found it on level 2 of the Lair of Beasts)
 D - a wand of iceblast (22)
   (You found it on level 5 of the Dungeon)
 N - a wand of disintegration (20)
   (You found it on level 1 of the Snake Pit)
 W - a wand of acid (13)
   (You took it off a naga sharpshooter on level 4 of the Snake Pit)
Scrolls
 d - 3 scrolls of amnesia
 j - a scroll of identify
 k - 7 scrolls of remove curse
 s - 2 scrolls of teleportation
 B - a scroll of fear
 F - 3 scrolls of vulnerability
 I - 4 scrolls of immolation
 L - a scroll of fog
 M - a scroll of summoning
 Q - 4 scrolls of magic mapping
Potions
 a - 3 potions of magic
 e - 4 potions of brilliance
 f - a potion of flight
 q - 2 potions of mutation
 v - 4 potions of invisibility
 z - 2 potions of lignification
 A - 3 potions of haste
 H - 6 potions of curing
 K - a potion of cancellation
 P - 3 potions of might
 T - a potion of ambrosia
Miscellaneous
 g - a tin of tremorstones (3/3)
   (You found it on level 1 of the Lair of Beasts)
 n - a box of beasts
 V - 2 phantom mirrors
 X - a phial of floods
   (You found it on level 1 of the Lair of Beasts)
Comestibles
 c - 14 rations


   Skills:
 + Level 11.1 Fighting
   Level 4.0 Short Blades
 - Level 10.1 Dodging
 - Level 2.4 Stealth
 - Level 10.5 Shields
 - Level 14.0 Unarmed Combat
 - Level 9.0 Spellcasting
 - Level 5.0 Summonings
 - Level 4.5 Necromancy
 - Level 8.2 Transmutations
 - Level 1.0 Fire Magic
 - Level 2.0 Air Magic
 - Level 7.9 Earth Magic
 - Level 9.0 Poison Magic
 - Level 10.0 Invocations
 - Level 7.0 Evocations


You had 4 spell levels left.
You knew the following spells:

 Your Spells              Type           Power        Failure   Level  Hunger
a - Sting                 Tmut/Pois      ####         1%          1    None
b - Poisonous Vapours     Pois/Air       ######       1%          2    None
c - Ignite Poison         Fire/Tmut/Pois ######..     1%          3    None
d - Olgreb's Toxic Radia  Pois           ######..     1%          4    None
e - Mephitic Cloud        Conj/Pois/Air  #####...     1%          3    None
f - Summon Demon          Summ           ######....   9%          5    ###....
g - Animate Dead          Necr           N/A          3%          4    None
h - Statue Form           Tmut/Erth      ######...    13%         6    #####..
i - Passwall              Tmut/Erth      ######..     1%          2    None

Your spell library contained the following spells:

 Spells                   Type           Power        Failure   Level  Hunger
 Animate Skeleton         Necr           N/A          1%          1    None
 Beastly Appendage        Tmut           ######       1%          1    None
 Pain                     Necr           ####         1%          1    None
 Sandblast                Erth           ######       1%          1    None
 Shock                    Conj/Air       ###.         1%          1    None
 Summon Small Mammal      Summ           ####         1%          1    None
 Call Imp                 Summ           ######..     1%          2    None
 Corpse Rot               Necr/Air       N/A          1%          2    None
 Sticks to Snakes         Tmut           ######..     1%          2    None
 Sublimation of Blood     Necr           #####.....   1%          2    None
 Call Canine Familiar     Summ           ######..     1%          3    None
 Spider Form              Tmut/Pois      ######....   1%          3    None
 Stone Arrow              Conj/Erth      #####.       1%          3    None
 Vampiric Draining        Necr           #####.....   1%          3    None
 Infusion                 Chrm           ###.         2%          1    None
 Swiftness                Chrm/Air       ###.....     2%          2    None
 Summon Guardian Golem    Hex/Summ       ####....     2%          3    None
 Shroud of Golubria       Chrm/Tloc      ###...       3%          2    None
 Song of Slaying          Chrm           ###.....     3%          2    None
 Static Discharge         Conj/Air       ###.....     4%          3    None
 Ice Form                 Ice/Tmut       #####...     4%          4    None
 Summon Lightning Spire   Summ/Air       #####...     5%          4    None
 Ozocubu's Armour         Chrm/Ice       ###.....     7%          3    None
 Spectral Weapon          Hex/Chrm       ###.....     7%          3    None
 Summon Ice Beast         Ice/Summ       ####....     9%          4    None
 Airstrike                Air            ####......   10%         4    None
 Cause Fear               Hex            ###.......   22%         4    None
 Blade Hands              Tmut           ######....   2%          5    ###....
 Agony                    Necr           #####...     10%         5    ###....
 Yara's Violent Unravell  Hex/Tmut       #####.....   12%         5    ###....
 Excruciating Wounds      Chrm/Necr      ####......   24%         5    ###....
 Lightning Bolt           Conj/Air       ###.......   38%         5    ###....
 Silence                  Hex/Air        ###.......   38%         5    ###....
 Death Channel            Necr           #####.....   45%         6    #####..
 Discord                  Hex            ###.......   100%        8    #######


Dungeon Overview and Level Annotations

Branches:
Dungeon (10/15)              Lair (6/6) D:8          Shoals (4/4) Lair:4
  Snake (4/4) Lair:4        Slime (5/5) Lair:5          Orc (2/2) D:10
    Elf (1/3) Orc:2       Gauntlet (visited)
 Temple: D:4-7

Altars:
Cheibriados
Dithmenos
Fedhas
Sif Muna
Xom
Beogh

Shops:
Orc:2 ![((!   Shoals:1 (


Innate Abilities, Weirdness & Mutations

You have razor-sharp teeth.
You heal very quickly.
When hurt, damage is shared between your health and your magic reserves.
Your bite disrupts and absorbs the magic of your enemies.
Potions cannot restore your health.
You are immune to rotting.


Message History

You feel invigorated.
The acid blob is severely wounded.
The acid blob completely misses you.
An acid blob comes into view.
The acid blob spits acid at you.
The splash of acid reflects off an invisible shield around you!
The splash of acid hits the acid blob.
The acid blob completely resists.
You pulverise the acid blob!!!
Your hands burn!
You bite the acid blob.
You kill the acid blob!
Cheibriados thoroughly appreciates the change of pace.
An acid blob comes into view.
The acid blob spits acid at you.
The splash of acid hits you but does no damage.
You are splashed with acid!
You block the great orb of eyes's attack.
Unknown command.
You revert to your normal fleshy form.
Your +0 pair of gloves unmelds from your body.
Your +0 pair of boots unmelds from your body.
Your +0 troll leather armour unmelds from your body.
The acid blob spits acid at you. The splash of acid hits you.
You are splashed with acid!
A great orb of eyes comes into view.
You block the great orb of eyes's attack. x2
The acid blob spits acid at you. The splash of acid hits you.
You are splashed with acid!
There is a stone staircase leading up here.
The great orb of eyes gazes at you.
You suddenly lose the ability to move!
The great orb of eyes bites you. The golden eye blinks at you.
You resist with almost no effort. The acid blob hits you!
* * * LOW HITPOINT WARNING * * *
You are splashed with acid.
* * * LOW HITPOINT WARNING * * *
The great orb of eyes bites you!
* * * LOW HITPOINT WARNING * * *
The golden eye blinks!
The acid blob spits acid at you. The splash of acid hits you.
* * * LOW HITPOINT WARNING * * *
You are splashed with acid!
* * * LOW HITPOINT WARNING * * *
The acid blob spits acid at you. The splash of acid hits you!
* * * LOW HITPOINT WARNING * * *
You are splashed with acid!
* * * LOW HITPOINT WARNING * * *
The golden eye blinks!
The great orb of eyes bites you!
You die...

.... ......
......
......####
.........###
.........#.###
.............#..
..§....G@J......
.......J........
................
........G.......
................
.....G..........
.§G.......G.....
.G..............
...............


You could see 2 acid blobs, 2 great orbs of eyes, a shining eye, an eye of
devastation, an eye of draining and a golden eye.

Vanquished Creatures
  Asterion (Snake:2)
  4 acid blobs
  Kirke (Shoals:1)
  3 azure jellies
  2 nagarajas (Snake:4)
  The ghost of emiel the Severer, a journeyman NaWn of Okawaru (Orc:2)
  A minotaur (Gauntlet)
  4 merfolk javelineers (Shoals:4)
  3 merfolk impalers
  A death ooze (Slime:4)
  2 great orbs of eyes (Slime:4)
  3 ogre magi
  Fannar (Lair:3)
  The ghost of bmj180 the Conjurer, a journeyman DrCj of Vehumet (D:10)
  A catoblepas (Gauntlet)
  4 naga warriors (Snake:4)
  2 hydras
  13 two-headed ogres
  10 anacondas
  A merfolk aquamancer (Shoals:4)
  The ghost of bmj180 the Destroyer, a novice DrCj of Vehumet (D:8)
  10 death yaks
  An orc high priest (Orc:2)
  4 naga sharpshooters (Snake:4)
  6 shock serpents
  A deep elf knight (Elf:1)
  A salamander mystic (Snake:3)
  2 deep trolls (Orc:2)
  An unseen horror (D:10)
  A kraken simulacrum (Shoals:4)
  8 naga ritualists
  3 sea snakes
  An orc knight (Orc:2)
  14 harpies
  4 manticores
  6 deep elf magi (Elf:1)
  4 mana vipers
  2 orc sorcerers
  A worldbinder (Gauntlet)
  6 salamanders
  2 fauns (Shoals:2)
  23 slime creatures
  5 cyclopes
  4 merfolk sirens
  21 black mambas
  6 guardian serpents (Snake:4)
  7 naga magi
  6 spiny frogs
  2 water nymphs
  A gargoyle (Gauntlet)
  A rime drake (Lair:6)
  5 komodo dragons
  20 merfolk
  2 hornets (Lair:6)
  A tyrant leech (Gauntlet)
  11 trolls
  4 wind drakes
  3 blink frogs (Lair:1)
  4 dream sheep (Shoals:1)
  6 snapping turtles
  7 hippogriffs
  2 water elementals
  16 yaks
  11 spriggans (Lair:6)
  A wyvern (D:8)
  A human (Shoals:1)
  A hungry ghost (D:9)
  2 basilisks
  5 wargs
  Edmund (D:6)
  21 nagas
  A swamp worm (Gauntlet)
  3 porcupines
  13 water moccasins
  3 ice beasts
  A nameless horror (Snake:4)
  16 orc warriors
  3 black bears
  2 sky beasts
  30 ogres
  An eye of draining (Slime:4)
  10 wolves (Lair:6)
  2 centaurs
  2 phantoms
  4 boggarts
  5 crocodiles
  3 big kobolds
  5 bullfrogs
  4 jellies
  2 wyvern skeletons
  A water moccasin skeleton (D:6)
  6 howler monkeys (D:7)
  A crimson imp (D:10)
  3 centaur zombies
  A bullfrog zombie (D:8)
  11 orc priests
  A bullfrog skeleton (D:7)
  5 hounds
  Ijyb (D:3)
  3 iguanas
  Natasha (twice) (D:3)
  15 orc wizards
  4 worker ants
  A hound zombie (D:6)
  Robin (D:3)
  A howler monkey zombie (D:7)
  3 worker ant zombies
  A howler monkey skeleton (D:4)
  8 adders
  7 oozes
  2 adder skeletons (D:5)
  A worm (D:4)
  2 dart slugs
  2 leopard geckos
  76 orcs
  A ball python (D:2)
  2 giant cockroaches
  15 goblins
  6 hobgoblins
  12 jackals
  17 kobolds
  3 quokkas
  2 bats
  2 frilled lizards
  A jackal skeleton (D:4)
  A quokka zombie (D:5)
  A rat (D:3)
  A spectral orc (D:3)
671 creatures vanquished.

Vanquished Creatures (collateral kills)
  An acid blob (Slime:4)
  3 nagarajas (Snake:4)
  A great orb of eyes (Slime:3)
  3 naga warriors
  A hydra (Lair:3)
  3 anacondas (Snake:4)
  A merfolk avatar (Shoals:4)
  A merfolk aquamancer (Shoals:4)
  4 naga sharpshooters
  A glowing orange brain (Slime:3)
  2 mana vipers
  A shining eye (Slime:4)
  A salamander (Snake:3)
  11 black mambas
  4 naga magi
  6 guardian serpents
  A komodo dragon (Lair:5)
  2 polar bears (Lair:6)
  7 slime creatures
  A snapping turtle (Shoals:1)
  3 dream sheep (Lair:6)
  2 blink frogs (Lair:6)
  3 spriggans (Lair:6)
  14 nagas
  A water moccasin (Lair:5)
  A black bear (Lair:6)
  A boggart (Lair:6)
  8 wolves (Lair:6)
  2 crocodiles
  3 fungi (Lair:6)
93 creatures vanquished.

Vanquished Creatures (others)
  A nagaraja (Snake:4)
  A swamp worm (Gauntlet)
  5 fungi
  6 plants
  22 tentacles
35 creatures vanquished.

Grand Total: 799 creatures vanquished

Notes
Turn   | Place    | Note
-------+----------+-------------------------------------------
     0 | D:1      | Flugslaktarn the Vine Stalker Venom Mage began the quest
                  | for the Orb.
     0 | D:1      | Reached XP level 1. HP: 9/9 MP: 4/4
    97 | D:1      | You fall into a shaft and drop 1 floor!
   128 | D:2      | Reached XP level 2. HP: 5/13 MP: 0/6
   188 | D:2      | Learned a level 2 spell: Poisonous Vapours
   415 | D:1      | Reached XP level 3. HP: 14/16 MP: 2/8
   498 | D:2      | Learned a level 3 spell: Ignite Poison
   634 | D:3      | Noticed Ijyb
   645 | D:3      | Killed Ijyb
   645 | D:3      | Gained mutation: Your natural rate of healing is unusually
                  | fast. [Vine Stalker growth]
   645 | D:3      | Reached XP level 4. HP: 13/21 MP: 1/9
   684 | D:3      | Reached skill level 1 in Fire Magic
   699 | D:3      | Reached skill level 1 in Air Magic
   728 | D:3      | Noticed Natasha
   730 | D:3      | Killed Natasha
   730 | D:3      | Reached XP level 5. HP: 24/24 MP: 5/10
   788 | D:3      | Learned a level 4 spell: Olgreb's Toxic Radiance
   806 | D:3      | Noticed Robin
   824 | D:3      | Killed Robin
   834 | D:3      | Reached skill level 5 in Poison Magic
   899 | D:3      | Noticed Natasha
   908 | D:3      | Killed Natasha
   986 | D:4      | Reached XP level 6. HP: 27/28 MP: 5/12
  1007 | D:4      | Got a polished short sword
  1008 | D:4      | Identified the +8 short sword of the Tooth {vorpal, Dex+3}
                  | (You found it on level 4 of the Dungeon)
  1268 | D:4      | Reached XP level 7. HP: 29/32 MP: 11/14
  1390 | D:5      | Entered Level 5 of the Dungeon
  1420 | D:5      | Found a shadowy altar of Dithmenos.
  1501 | D:5      | Found a snail-covered altar of Cheibriados.
  1502 | D:5      | Found a shimmering altar of Xom.
  1519 | D:5      | Became a worshipper of Cheibriados the Contemplative
  1581 | D:5      | Learned a level 3 spell: Mephitic Cloud
  1583 | D:5      | Reached skill level 5 in Spellcasting
  1583 | D:5      | Gained mutation: You have razor-sharp teeth. [Vine Stalker
                  | growth]
  1583 | D:5      | Reached XP level 8. HP: 16/36 MP: 8/16
  1688 | D:6      | Found a blossoming altar of Fedhas.
  1808 | D:6      | You fall into a shaft and drop 1 floor!
  1860 | D:7      | Reached * piety under Cheibriados
  1861 | D:7      | Reached skill level 1 in Fighting
  1952 | D:6      | Noticed Edmund
  1966 | D:6      | Reached XP level 9. HP: 32/43 MP: 13/17
  1973 | D:6      | Killed Edmund
  2195 | D:7      | Identified the Volume of Creation
  2220 | D:8      | Noticed a two-headed ogre
  2228 | D:8      | Killed a two-headed ogre
  2228 | D:8      | Reached skill level 5 in Dodging
  2283 | D:8      | Reached ** piety under Cheibriados
  2284 | D:8      | Noticed a cyclops
  2291 | D:8      | Reached skill level 1 in Shields
  2292 | D:8      | Killed a cyclops
  2292 | D:8      | Reached skill level 1 in Short Blades
  2292 | D:8      | Reached XP level 10. HP: 48/51 MP: 7/18
  2347 | D:8      | Noticed bmj180's ghost (novice DrCj)
  2363 | D:8      | Got a scorched hand crossbow
  2374 | D:8      | Found a staircase to the Lair.
  2387 | D:8      | Found a runed translucent door.
  2410 | D:8      | Killed bmj180's ghost
  2535 | D:9      | Reached skill level 5 in Fighting
  2603 | D:9      | Noticed a two-headed ogre
  2610 | D:9      | Killed a two-headed ogre
  2680 | D:8      | Found a blossoming altar of Fedhas.
  2799 | D:9      | Found a shimmering blue altar of Sif Muna.
  2828 | D:9      | Reached skill level 5 in Shields
  2878 | D:10     | Entered Level 10 of the Dungeon
  2895 | D:10     | Got a heavily runed scale mail
  2906 | D:10     | Identified the +2 scale mail of the Cricket {*Drain rElec
                  | rC- Str+7} (You found it on level 10 of the Dungeon)
  2947 | D:10     | Reached *** piety under Cheibriados
  2948 | D:10     | Found a staircase to the Orcish Mines.
  3023 | D:10     | Noticed a manticore
  3028 | D:10     | Reached XP level 11. HP: 55/56 MP: 14/19
  3028 | D:10     | Killed a manticore
  3098 | D:10     | Killed an unseen horror
  3121 | Orc:1    | Entered Level 1 of the Orcish Mines
  3141 | Orc:1    | Noticed an ogre mage
  3144 | Orc:1    | Noticed a two-headed ogre
  3145 | Orc:1    | Killed an ogre mage
  3145 | Orc:1    | Noticed a two-headed ogre
  3174 | D:10     | Killed a two-headed ogre
  3174 | D:10     | Reached **** piety under Cheibriados
  3212 | Orc:1    | Noticed a two-headed ogre
  3213 | Orc:1    | Noticed an orc sorcerer
  3217 | Orc:1    | Killed an orc sorcerer
  3217 | Orc:1    | Killed a two-headed ogre
  3281 | Orc:1    | Noticed a cyclops
  3281 | Orc:1    | Reached skill level 1 in Invocations
  3308 | Orc:1    | Killed a cyclops
  3385 | Orc:2    | Entered Level 2 of the Orcish Mines
  3385 | Orc:2    | Noticed an orc sorcerer
  3388 | Orc:2    | Killed an orc sorcerer
  3388 | Orc:2    | Gained mutation: You heal very quickly. [Vine Stalker
                  | growth]
  3388 | Orc:2    | Reached XP level 12. HP: 61/61 MP: 8/20
  3424 | Orc:2    | Reached ***** piety under Cheibriados
  3506 | Orc:2    | Noticed a two-headed ogre
  3507 | Orc:2    | Noticed a two-headed ogre
  3508 | Orc:2    | Reached skill level 5 in Invocations
  3509 | Orc:2    | Noticed a two-headed ogre
  3509 | Orc:2    | Noticed a two-headed ogre
  3511 | Orc:2    | Killed a two-headed ogre
  3522 | Orc:2    | Killed a two-headed ogre
  3524 | Orc:2    | Killed a two-headed ogre
  3526 | Orc:2    | Killed a two-headed ogre
  3526 | Orc:2    | Reached skill level 1 in Evocations
  3546 | Orc:2    | Noticed a two-headed ogre
  3559 | Orc:2    | Killed a two-headed ogre
  3599 | Orc:2    | Noticed an ogre mage
  3604 | Orc:2    | Killed an ogre mage
  3629 | Orc:2    | Noticed an ogre mage
  3634 | Orc:2    | Killed an ogre mage
  3649 | Orc:2    | Found Udwenlunn's Antique Weapon Shop.
  3650 | Orc:2    | Found Faevicui's Armour Boutique.
  3651 | Orc:2    | Noticed a two-headed ogre
  3656 | Orc:2    | Killed a two-headed ogre
  3670 | Orc:2    | Reached XP level 13. HP: 66/67 MP: 17/21
  3681 | Orc:2    | Reached skill level 10 in Shields
  3690 | Orc:2    | Found Peorph's Distillery.
  3699 | Orc:2    | Found Tizopn's Weapon Shop.
  3718 | Orc:2    | Bought a scarf of resistance for 512 gold pieces
  3786 | Orc:2    | Found a roughly hewn altar of Beogh.
  3839 | Orc:2    | Found Cutat's Distillery.
  3847 | Orc:2    | Bought a potion of lignification for 30 gold pieces
  3854 | Orc:2    | Bought a potion of ambrosia for 80 gold pieces
  3854 | Orc:2    | Bought a potion of ambrosia for 80 gold pieces
  3854 | Orc:2    | Bought a potion of might for 40 gold pieces
  3931 | Orc:2    | Reached ****** piety under Cheibriados
  3936 | Orc:2    | Found a staircase to the Elven Halls.
  3984 | Elf:1    | Entered Level 1 of the Elven Halls
  4045 | Orc:2    | Learned a level 5 spell: Summon Demon
  4206 | Orc:2    | Found a runed translucent door.
  4207 | Orc:2    | Noticed emiel's ghost (journeyman NaWn)
  4286 | Orc:2    | Killed emiel's ghost
  4537 | D:10     | Found a runed translucent door.
  4540 | D:10     | Noticed bmj180's ghost (journeyman DrCj)
  4576 | D:10     | Killed bmj180's ghost
  4576 | D:10     | Reached skill level 1 in Summonings
  4806 | Lair:1   | Entered Level 1 of the Lair of Beasts
  5028 | Lair:1   | Identified the +8 hand crossbow of the Yoke {elec, rElec
                  | Int+4} (You found it on level 8 of the Dungeon)
  5422 | Lair:2   | Learned a level 4 spell: Animate Dead
  5590 | Lair:3   | Noticed Fannar
  5598 | Lair:3   | Killed Fannar
  5598 | Lair:3   | Reached skill level 1 in Necromancy
  5598 | Lair:3   | Reached XP level 14. HP: 70/74 MP: 19/24
  5614 | Lair:3   | Found a gate leading to a gauntlet.
  5625 | Gauntlet | Entered a Gauntlet
  5625 | Gauntlet | Found a transporter.
  5625 | Gauntlet | Found a transporter.
  5630 | Gauntlet | Found a transporter.
  5630 | Gauntlet | Found a transporter.
  5638 | Gauntlet | Found a transporter.
  5638 | Gauntlet | Found a transporter.
  5670 | Gauntlet | Found a runed translucent door.
  5672 | Gauntlet | Found a runed translucent door.
  5673 | Gauntlet | Found a transporter.
  5673 | Gauntlet | Found a transporter.
  5704 | Gauntlet | Found a transporter.
  5714 | Gauntlet | Reached skill level 10 in Dodging
  5725 | Gauntlet | Found a transporter.
  5728 | Gauntlet | Got a fine copper ring
  5746 | Gauntlet | Found a transporter.
  5752 | Gauntlet | Identified the ring "Toisieky" {*Tele *Corrode +Fly Str+7}
                  | (You found it in a Gauntlet)
  5780 | Gauntlet | Found a transporter.
  5790 | Gauntlet | Got a wavering lead ring
  5796 | Gauntlet | Identified the cursed ring "Zympely" {MP+9 EV-4 Int-2
                  | Dex+2} (You found it in a Gauntlet)
  5842 | Gauntlet | Identified the Papyrus of Good Luck
  5845 | Gauntlet | Identified Sif Muna's Guide on Floating Earth
  5866 | Gauntlet | Got a smoking kite shield
  5877 | Gauntlet | Identified the +4 kite shield of the Circus Animal {rN+
                  | SInv} (You found it in a Gauntlet)
  5949 | Lair:4   | Found a staircase to the Shoals.
  5958 | Lair:4   | Found a staircase to the Snake Pit.
  6011 | Shoals:1 | Entered Level 1 of the Shoals
  6071 | Shoals:1 | Noticed Kirke
  6078 | Shoals:1 | Killed Kirke
  6078 | Shoals:1 | Reached skill level 5 in Summonings
  6135 | Shoals:1 | Found Jitsah's Weapon Emporium.
  6174 | Shoals:1 | Noticed a kraken
  6248 | Shoals:1 | Learned a level 6 spell: Statue Form
  6377 | Shoals:2 | Reached skill level 1 in Earth Magic
  6487 | Shoals:4 | Entered Level 4 of the Shoals
  6606 | Shoals:4 | Reached XP level 15. HP: 79/79 MP: 28/28
  6616 | Shoals:4 | Reached skill level 5 in Transmutations
  6673 | Shoals:4 | Reached skill level 5 in Earth Magic
  6780 | Shoals:4 | Noticed a kraken
  6841 | Shoals:4 | Got a barnacled rune of Zot
  7112 | Snake:1  | Entered Level 1 of the Snake Pit
  7301 | Snake:2  | Noticed Asterion
  7320 | Snake:2  | Noticed an Executioner
  7321 | Snake:2  | Killed Asterion
  7426 | Snake:4  | Entered Level 4 of the Snake Pit
  7507 | Snake:4  | Reached skill level 1 in Unarmed Combat
  7511 | Snake:4  | Reached skill level 2 in Unarmed Combat
  7521 | Snake:4  | Reached skill level 3 in Unarmed Combat
  7546 | Snake:4  | Reached skill level 4 in Unarmed Combat
  7551 | Snake:4  | Reached skill level 5 in Unarmed Combat
  7571 | Snake:4  | Reached skill level 6 in Unarmed Combat
  7679 | Snake:4  | Learned a level 2 spell: Passwall
  7700 | Snake:4  | Noticed a nagaraja
  7700 | Snake:4  | Noticed a nagaraja
  7713 | Snake:4  | Reached skill level 7 in Unarmed Combat
  7722 | Snake:4  | Killed a nagaraja
  7722 | Snake:4  | Reached skill level 8 in Unarmed Combat
  7731 | Snake:4  | Reached XP level 16. HP: 81/84 MP: 27/29
  7737 | Snake:4  | Reached skill level 9 in Unarmed Combat
  7751 | Snake:4  | Noticed a nagaraja
  7767 | Snake:4  | Killed a nagaraja
  7767 | Snake:4  | Reached skill level 10 in Unarmed Combat
  7800 | Snake:4  | Noticed a nagaraja
  7809 | Snake:4  | Killed a nagaraja
  7813 | Snake:4  | Reached skill level 11 in Unarmed Combat
  7832 | Snake:4  | Noticed a nagaraja
  7835 | Snake:4  | Killed a nagaraja
  7835 | Snake:4  | Reached skill level 12 in Unarmed Combat
  7850 | Snake:4  | Noticed a nagaraja
  7850 | Snake:4  | Noticed a nagaraja
  7854 | Snake:4  | Killed a nagaraja
  7855 | Snake:4  | Reached skill level 13 in Unarmed Combat
  7861 | Snake:4  | Killed a nagaraja
  7918 | Snake:4  | Got a serpentine rune of Zot
  7995 | Snake:3  | Reached skill level 14 in Unarmed Combat
  8359 | Lair:3   | You fall into a shaft and drop 3 floors!
  8359 | Lair:6   | Entered Level 6 of the Lair of Beasts
  8501 | Lair:6   | Reached XP level 17. HP: 88/88 MP: 30/30
  8606 | Lair:6   | Reached skill level 10 in Invocations
  8632 | Lair:6   | Identified Xin Nare's Catalogue of Clay and Evil
  8757 | Lair:6   | Reached skill level 5 in Evocations
  8936 | Lair:5   | Found a staircase to the Slime Pits.
  9004 | Slime:1  | Entered Level 1 of the Pits of Slime
  9014 | Slime:1  | Noticed an acid blob
  9021 | Slime:1  | Killed an acid blob
  9047 | Slime:2  | Reached skill level 10 in Fighting
  9136 | Slime:4  | Noticed an acid blob
  9156 | Slime:4  | Killed an acid blob
  9185 | Slime:4  | Noticed an acid blob
  9192 | Slime:4  | Killed an acid blob
  9194 | Slime:4  | Noticed an acid blob
  9202 | Slime:4  | Killed an acid blob
  9213 | Slime:5  | Entered Level 5 of the Pits of Slime
  9213 | Slime:5  | Noticed an acid blob
  9216 | Slime:5  | Noticed an acid blob
  9217 | Slime:5  | Killed an acid blob
  9217 | Slime:5  | Noticed an acid blob
  9219 | Slime:5  | Paralysed by a great orb of eyes for 6 turns
  9222 | Slime:5  | HP: 2/91 [acid (8)]
  9222 | Slime:5  | Mangled by a great orb of eyes

Illustrated notes

Levels and vault maps discovered:
D:1:      dpeg_arrival_rhombus, layout_basic, st_stairs_4, hex_tiny,
          chequers_serial_rivers_large_a
D:2:      layout_basic
D:3:      layout_rooms, yredelemnul_forgotten_temple_becter, uniq_ijyb,
          uniq_robin, uniq_natasha
D:4:      layout_gridville, nemelex_xobeh_ov_fountains_minmay, first_ration,
          nrook_campfire, uniq_duvessa
D:5:      layout_rooms, grunt_temple_overflow_open, minmay_temple_entry_fiery,
          nicolae_dithmenos_the_darkroom, uniq_crazy_yiuf_cottage
D:6:      layout_loops_ring, fedhas_altar_2, serial_shops, nicolae_shop_stone,
          uniq_edmund, uniq_sigmund
D:7:      layout_cave_pools, serial_column_ruins, column_ruins_open_tiny,
          column_ruins_corridor_dead_end, column_ruins_columns_straight,
          column_ruins_columns_dead_end, column_ruins_corridor_straight,
          column_ruins_corridor_corner
D:8:      layout_cave_pools, dpeg_oklobed_lair, hellmonk_ghost_happy_afterlife,
          basic_altar, grunt_tough_drop
D:9:      layout_basic, kennysheep_little_box, grunt_pizzeria
D:10:     layout_gridville, erik_orc_4, ebering_ghost_inner_flame,
          chequers_serial_rivers_small_3, corexii_corridor_pit
Lair:1:   statuecave_lemuel, layout_misc_corridors
Lair:2:   layout_cave_pods
Lair:3:   layout_regular_city, gauntlet_entry_generic, serial_bayou_shore_b,
          serial_bayou_shore_a, uniq_fannar, uniq_urug
Lair:4:   layout_hall_layers, minmay_shoals_entry_beasts,
          minmay_snake_entry_guardpost_large, gammafunk_ghost_necromancy,
          serial_bayou_shore_b, infiniplex_staircase_pool_2
Lair:5:   layout_gridlike, nicolae_slime_entry_slimehenge, uniq_sonja
Lair:6:   minmay_lair_end_enchanted_forest, layout_small_grid,
          grunt_megastairs_5
Shoals:1: layout_shoals, serial_shops, shop, uniq_kirke
Shoals:2: layout_shoals, nicolae_shoals_square_sea_wall, uniq_nikola
Shoals:3: layout_shoals
Shoals:4: shoals_end_grunt_ice, layout_shoals
Snake:1:  layout_cave_shapes, grunt_megastairs_3
Snake:2:  layout_layer_cave, uniq_asterion, uniq_frances
Snake:3:  layout_basic, lemuel_fruit_tree
Snake:4:  grunt_snake_rune_serpentine_throne, layout_misc_corridors
Slime:1:  layout_caves
Slime:2:  layout_caves
Slime:3:  layout_caves, uniq_dissolution
Slime:4:  layout_caves, cheibrodos_slime_lost_civilization_4
Slime:5
Orc:1:    layout_caves
Orc:2:    st_orc_open, layout_diamond_mine, ebering_ghost_reflecting_pool,
          serial_shops, shop, bh_open_orc_temple
Elf:1:    minmay_elf_arrival_plus, layout_loops_corners, orc_legates

Skill      XL: |  1  2  3  4  5  6  7  8  9 10 11 12 13 14 15 16 17 |
---------------+----------------------------------------------------+-----
Transmutations | 2 4 8 |  8.2
Spellcasting   | 3 4 5 6 8 9 |  9.0
Fire Magic     | 1 |  1.0
Air Magic      | 1 2 |  2.0
Poison Magic   | 4 5 6 7 9 |  9.0
Fighting       | 2 4 5 6 7 8 9 11 | 11.1
Dodging        | 3 6 7 8 9 10 | 10.1
Shields        | 2 5 9 10 | 10.5
Short Blades   | 1 3 4 |  4.0
Invocations    | 3 7 9 10 | 10.0
Evocations     | 3 4 7 |  7.0
Summonings     | 3 5 |  5.0
Necromancy     | 1 4 |  4.5
Earth Magic    | 4 7 |  7.9
Unarmed Combat | 8 14 | 14.0
Stealth        | |  2.4

Action                   |  1- 3 |  4- 6 |  7- 9 | 10-12 | 13-15 | 16-18 || total
-------------------------+-------+-------+-------+-------+-------+-------++-------
Melee: Hand axe          |     6 |       |       |       |       |       ||     6
       Bite              |     7 |     9 |    34 |    86 |   260 |   176 ||   572
       Whip              |    29 |    42 |       |       |       |       ||    71
       Dagger            |    19 |    11 |       |       |       |       ||    30
       Short sword       |       |    13 |   109 |   159 |   453 |    50 ||   784
       Unarmed           |       |       |       |       |     5 |   286 ||   291
Throw: Boomerang         |       |       |       |       |       |     2 ||     2
 Cast: Sting             |    21 |     7 |       |       |     1 |       ||    29
       Poisonous Vapours |     5 |    16 |    16 |    20 |    52 |       ||   109
       Olgreb's Toxic Ra |       |     3 |    17 |    41 |    69 |       ||   130
       Ignite Poison     |       |       |     3 |    17 |    38 |       ||    58
       Mephitic Cloud    |       |       |     3 |     1 |     4 |       ||     8
       Summon Demon      |       |       |       |       |    18 |    21 ||    39
       Animate Dead      |       |       |       |       |     1 |    10 ||    11
       Statue Form       |       |       |       |       |     9 |    21 ||    30
       Passwall          |       |       |       |       |     5 |     7 ||    12
Invok: Slouch            |       |       |       |       |     9 |     3 ||    12
       Temporal Distorti |       |       |       |       |     1 |       ||     1
Evoke: Wand              |       |       |     2 |     1 |     6 |       ||     9
       Tin of tremorston |       |       |       |       |     3 |     1 ||     4
  Use: Scroll            |       |       |    10 |     5 |    19 |     4 ||    38
       Potion            |       |       |       |     1 |     4 |       ||     5
 Stab: Sleeping          |       |       |       |     3 |     4 |     2 ||     9
       Confused          |       |       |       |       |     2 |       ||     2
       Distracted        |       |       |       |       |     5 |     4 ||     9
  Eat: Chunk             |       |     2 |     3 |     2 |     2 |     2 ||    11
       Ration            |       |       |     1 |     3 |     4 |     4 ||    12
Armor: Robe              |    20 |    17 |    32 |    16 |       |       ||    85
       Scale mail        |       |       |       |    23 |       |       ||    23
       Skin              |       |       |       |     3 |    47 |   145 ||   195
       Troll leather arm |       |       |       |     1 |    36 |     4 ||    41
Dodge: Dodged            |    41 |    50 |    73 |   188 |   376 |   428 ||  1156
Block: Other             |       |    12 |    31 |    31 |       |       ||    74
       Reflection        |       |       |     3 |     3 |    61 |    63 ||   130
       Kite shield       |       |       |       |    40 |   730 |   753 ||  1523

Table legend:
 A = Non-vault XP
 B = Vault XP
 C = Vault XP percentage of total XP
 D = Non-vault monster count
 E = Vault monster count
 F = Vault count percentage of total count
                 A         B        C        D         E       F
            +---------+---------+-------+---------+---------+-------
      Total |  142097 |   84237 |  37.2 |     522 |     239 |  31.4
            +---------+---------+-------+---------+---------+-------
        D:1 |      12 |       3 |  20.0 |       6 |       2 |  25.0
        D:2 |      38 |       0 |   0.0 |      13 |       0 |   0.0
        D:3 |     124 |     114 |  47.9 |      21 |      15 |  41.7
        D:4 |     463 |       0 |   0.0 |      26 |       0 |   0.0
        D:5 |     530 |       0 |   0.0 |      18 |       0 |   0.0
        D:6 |     486 |     171 |  26.0 |      11 |       1 |   8.3
        D:7 |     758 |       0 |   0.0 |      25 |       0 |   0.0
        D:8 |    2052 |    1532 |  42.7 |      21 |       7 |  25.0
        D:9 |    2057 |       0 |   0.0 |      11 |       0 |   0.0
       D:10 |    4808 |    1573 |  24.7 |      18 |      18 |  50.0
     Lair:1 |    1453 |       0 |   0.0 |       7 |       0 |   0.0
     Lair:2 |    4589 |       0 |   0.0 |      20 |       0 |   0.0
     Lair:3 |    2249 |    1023 |  31.3 |       8 |       1 |  11.1
     Lair:4 |    1180 |    1255 |  51.5 |       4 |       5 |  55.6
     Lair:5 |    4396 |      40 |   0.9 |      10 |       6 |  37.5
     Lair:6 |   10323 |    6821 |  39.8 |      24 |      48 |  66.7
   Shoals:1 |   12413 |    2117 |  14.6 |      28 |       1 |   3.4
   Shoals:2 |    5401 |       0 |   0.0 |      13 |       0 |   0.0
   Shoals:3 |    2656 |       0 |   0.0 |       7 |       0 |   0.0
   Shoals:4 |    7437 |    9986 |  57.3 |      17 |      15 |  46.9
    Snake:1 |    7988 |     405 |   4.8 |      19 |       2 |   9.5
    Snake:2 |    6532 |    2222 |  25.4 |      14 |       1 |   6.7
    Snake:3 |    8047 |       0 |   0.0 |      21 |       0 |   0.0
    Snake:4 |   14616 |   31617 |  68.4 |      29 |      61 |  67.8
    Slime:1 |    4447 |       0 |   0.0 |       7 |       0 |   0.0
    Slime:2 |    5671 |       0 |   0.0 |      10 |       0 |   0.0
    Slime:3 |    5419 |       0 |   0.0 |      11 |       0 |   0.0
    Slime:4 |   12913 |       0 |   0.0 |      16 |       0 |   0.0
    Slime:5 |    2578 |       0 |   0.0 |       1 |       0 |   0.0
      Orc:1 |    5446 |       0 |   0.0 |      30 |       0 |   0.0
      Orc:2 |    4212 |   18142 |  81.2 |      55 |      42 |  43.3
      Elf:1 |     803 |    3396 |  80.9 |       1 |       6 |  85.7
   Gauntlet |       0 |    3820 | 100.0 |       0 |       8 | 100.0
            +---------+---------+-------+---------+---------+-------
